 Dungeon Crawl Stone Soup version 0.29-a0-243-g602b31c20e (webtiles) character file.

Game seed: 14250861779607459572

6441 dolemite99 the Cruncher (level 10, 0/88 HPs)
             Began as a Minotaur Gladiator on Mar 5, 2022.
             Was a Priest of Okawaru.
             Slain by Erica
             ... wielding a +2 scimitar of flaming
              (1 damage)
             ... on level 9 of the Dungeon.
             The game lasted 00:11:41 (12120 turns).

dolemite99 the Cruncher (Minotaur Gladiator)       Turns: 12120, Time: 00:11:42

Health: 0/88       AC: 16    Str: 24    XL:     10   Next: 67%
Magic:  12/12      EV:  6    Int:  5    God:    Okawaru [***...]
Gold:   428        SH:  0    Dex: 11    Spells: 9/9 levels left

rFire   + . .      SeeInvis .   b - +6 flail
rCold   . . .      Faith    .   H - +0 kite shield
rNeg    . . .      Spirit   .   h - +0 plate armour
rPois   .          Reflect  .   c - +0 hat
rElec   .          Harm     .   (no cloak)
rCorr   .          Rampage  .   J - +2 pair of gloves
Will    .....                   k - +0 pair of boots
Stlth   ..........              (no amulet)
HPRegen 0.24/turn               y - ring of protection from fire
MPRegen 0.13/turn               (no ring)

@: confused, attractive, slowed, very slow
A: horns 2, retaliatory headbutt
a: Renounce Religion, Heroism


You were on level 9 of the Dungeon.
You worshipped Okawaru.
Okawaru was most pleased with you.
You visited 2 branches of the dungeon, and saw 11 of its levels.

You collected 428 gold pieces.

Inventory:

Hand Weapons
 a - a +0 quarterstaff
 b - a +6 flail (weapon)
 f - a +0 hunting sling
 w - a +0 flail of holy wrath
 x - a +0 dagger
 K - a +0 dire flail
 L - a +2 dire flail
 O - a +3 trident of venom
Missiles
 d - 4 throwing nets
 m - 4 atropa-tipped darts
 q - 288 stones
 v - 2 boomerangs
 C - a poisoned dart (quivered)
Armour
 c - a +0 hat (worn)
 g - a +0 ring mail
 h - a +0 plate armour (worn)
 k - a +0 pair of boots (worn)
 B - a +0 chain mail of willpower
 G - a +0 leather armour
 H - a +0 kite shield (worn)
 J - a +2 pair of gloves (worn)
Magical Staves
 n - a staff of conjuration
 D - a staff of fire
Jewellery
 y - a ring of protection from fire (left hand)
 N - a ring of wizardry
Wands
 i - a wand of flame (34)
 u - a wand of acid (18)
 A - a wand of digging (7)
 I - a wand of iceblast (9)
Scrolls
 e - a scroll of summoning {unknown}
 j - a scroll of vulnerability
 l - a scroll of torment {unknown}
 o - 3 scrolls of amnesia
 p - a scroll of fear {unknown}
 r - a scroll of immolation {unknown}
 s - 3 scrolls of fog {unknown}
 t - 2 scrolls of blinking {unknown}
 E - a scroll of silence {unknown}
 F - 2 scrolls of teleportation {unknown}
Potions
 z - a potion of cancellation
 P - a potion of ambrosia {unknown}
 Q - a potion of flight {unknown}


   Skills:
 + Level 7.9 Fighting
 - Level 10.5(12.9) Maces & Flails
 - Level 12.1(13.7) Staves
 - Level 2.0 Throwing
 - Level 5.1 Armour
 - Level 3.2 Dodging
 - Level 4.0 Shields
 - Level 4.2 Invocations


You had 9 spell levels left.
You didn't know any spells.
Your spell library contained the following spells:

 Spells                   Type           Power      Damage    Failure   Level
 Confusing Touch          Hex            0%         N/A       100%        3
 Conjure Flame            Conj/Fire      0%         6-21      100%        3
 Gell's Gravitas          Tloc           0%         N/A       100%        3
 Ignite Poison            Fire/Tmut/Pois 0%         N/A       100%        3
 Lesser Beckoning         Tloc           0%         N/A       100%        3
 Portal Projectile        Hex/Tloc       0%         N/A       100%        3
 Teleport Other           Tloc           0%         N/A       100%        3
 Sticky Flame             Conj/Fire      0%         2d3       100%        4
 Blade Hands              Tmut           0%         N/A       100%        5
 Excruciating Wounds      Necr           0%         N/A       100%        5
 Yara's Violent Unravell  Hex/Tmut       0%         3d3       100%        5
 Enfeeble                 Hex            0%         N/A       100%        7


Dungeon Overview and Level Annotations

Branches:
Dungeon (10/15)            Temple (1/1) D:6             Orc (0/2) D:9
   Lair: D:8-11

Altars:
Ashenzari
Cheibriados
Dithmenos
Elyvilon
Fedhas
Gozag
Hepliaklqana
Kikubaaqudgha
Makhleb
Nemelex Xobeh
Okawaru
Qazlal
Ru
Sif Muna
Trog
Uskayaw
Vehumet
Wu Jian
Yredelemnul
Zin
The Shining One

Shops:
D:3 (   D:7 *

Annotations:
D:9 Erica


Innate Abilities, Weirdness & Mutations

You have a pair of horns on your head.
You reflexively headbutt those who attack you in melee.


Message History

You hear some strange, mumbled words.
A lance of force appears from out of thin air!
The lance of force hits you!
* * * LOW HITPOINT WARNING * * *
You are knocked back by the lance of force.
You slam into the rock wall!
* * * LOW HITPOINT WARNING * * *
There is a strange disturbance nearby!
There is a strange disturbance nearby!
You feel much better. Something hits you.
* * * LOW HITPOINT WARNING * * *
Something burns you.
* * * LOW HITPOINT WARNING * * *
Something hits you!
* * * LOW HITPOINT WARNING * * *
Something burns you.
* * * LOW HITPOINT WARNING * * *
Okay, then.
You block something's attack.
You hear some strange, mumbled words.
You feel as though you will be slow longer.
You hear some strange, mumbled words.
You feel as though you will be slow longer.
You hear some strange, mumbled words.
You are confused.
You hear some strange, mumbled words.
You feel as though you will be slow longer.
You're too confused to move!
Something hits you!
* * * LOW HITPOINT WARNING * * *
Something burns you.
* * * LOW HITPOINT WARNING * * *
Something hits you.
* * * LOW HITPOINT WARNING * * *
It was a potion of attraction.
You feel attractive to monsters. Something hits you.
* * * LOW HITPOINT WARNING * * *
Something burns you.
You die...

#†....# ....###
#..##.# ###...#.##
#..# ###.#......# #..#
#. .#.#..#.# #..# #.
#.#.....# #..#
#.##.#..#.># #..#
#.#...#..#.. #..#
#.#.##).#... #{@#
#...#..#....
#.)#.####..#..#.#.#
#..#.##..#.##...#..
#.....####..##.##.#
#.##.###...#..#....
#.##.# ###..#####..
#.##.# #..#..# #.#
#.##.####.#..###.##
####.##).##.##########


There were no monsters in sight!

Vanquished Creatures
  Harold (D:9)
  A two-headed ogre (D:8)
  Psyche (D:9)
  A komodo dragon (D:8)
  Prince Ribbit (D:8)
  4 hornets
  4 yaks (D:9)
  2 steam dragons
  Edmund (D:5)
  A warg (D:9)
  A water moccasin (D:7)
  2 orc warriors
  A sky beast (D:6)
  3 black bears
  6 centaurs
  2 ogres
  2 phantoms
  2 bullfrogs (D:7)
  2 necrophages
  A scorpion (D:5)
  3 wights (D:7)
  4 killer bees (D:8)
  3 howler monkeys
  2 electric eels (D:7)
  A jelly (D:6)
  2 hounds
  An orc priest (D:9)
  4 iguanas
  3 orc wizards
  Robin (D:2)
  5 adders
  A shadow imp (D:6)
  A worm (D:4)
  4 dart slugs
  21 orcs
  5 bats
  8 endoplasms
  5 giant cockroaches
  15 goblins
  10 hobgoblins
  10 jackals (D:1)
  A quokka (D:3)
  8 ball pythons
  3 frilled lizards
  5 kobolds
  7 rats
  A spectral goblin (D:2)
173 creatures vanquished.

Vanquished Creatures (others)
  30 plants (D:9)
30 creatures vanquished.

Grand Total: 203 creatures vanquished

Notes
Turn   | Place    | Note
-------+----------+-------------------------------------------
     0 | D:1      | dolemite99 the Minotaur Gladiator began the quest for the
                  | Orb.
     0 | D:1      | Reached XP level 1. HP: 18/18 MP: 0/0
    67 | D:1      | Reached skill level 4 in Staves
    95 | D:1      | Reached XP level 2. HP: 24/25 MP: 1/1
   330 | D:1      | Reached skill level 5 in Staves
   555 | D:1      | Reached XP level 3. HP: 30/30 MP: 2/2
  1279 | D:2      | Found a faded altar of an unknown god.
  1827 | D:3      | Noticed Robin
  1860 | D:2      | Killed Robin
  1861 | D:2      | Reached skill level 6 in Staves
  1861 | D:2      | Reached XP level 4. HP: 37/37 MP: 3/3
  2019 | D:3      | Found Qucaac's Weapon Boutique.
  2473 | D:4      | Noticed a black bear
  2487 | D:3      | Killed a black bear
  2488 | D:3      | Reached skill level 7 in Staves
  2488 | D:3      | Reached XP level 5. HP: 11/42 MP: 4/4
  3023 | D:4      | Found a stormy altar of Qazlal.
  3052 | D:4      | Noticed a phantom
  3194 | D:3      | Killed a phantom
  3195 | D:3      | Reached skill level 8 in Staves
  3195 | D:3      | Reached XP level 6. HP: 28/50 MP: 5/5
  4201 | D:4      | Reached skill level 9 in Staves
  4302 | D:5      | Entered Level 5 of the Dungeon
  4379 | D:5      | Reached XP level 7. HP: 54/56 MP: 6/6
  4404 | D:5      | Reached skill level 10 in Staves
  4442 | D:5      | Noticed Edmund
  4469 | D:5      | Killed Edmund
  4927 | D:5      | Reached skill level 11 in Staves
  5290 | D:6      | Found a hide-covered altar of Uskayaw.
  5333 | D:6      | Found a staircase to the Ecumenical Temple.
  5336 | D:6      | Reached XP level 8. HP: 32/62 MP: 7/7
  5347 | Temple   | Entered the Ecumenical Temple
  5799 | Temple   | Became a worshipper of Warmaster Okawaru
  5948 | D:6      | Found a hazy altar of Hepliaklqana.
  5957 | D:6      | Reached skill level 12 in Staves
  5957 | D:6      | Found a faded altar of an unknown god.
  6535 | D:6      | Found a burning altar of Makhleb.
  6809 | D:7      | Noticed a hornet
  6825 | D:7      | Killed a hornet
  6825 | D:7      | Reached * piety under Okawaru
  6826 | D:7      | Reached skill level 5 in Maces & Flails
  7379 | D:7      | Found a white marble altar of Elyvilon.
  7615 | D:7      | Reached XP level 9. HP: 38/68 MP: 8/8
  8187 | D:7      | Reached ** piety under Okawaru
  8257 | D:7      | Found Gozag's Platinum Reserve.
  8260 | D:7      | Found an opulent altar of Gozag.
  8587 | D:8      | Reached skill level 10 in Maces & Flails
  9301 | D:8      | Reached skill level 1 in Armour
  9308 | D:8      | Reached skill level 1 in Invocations
  9903 | D:8      | Noticed a two-headed ogre
  9912 | D:8      | Killed a two-headed ogre
 10314 | D:8      | Noticed Prince Ribbit
 10324 | D:8      | Found a shimmering blue altar of Sif Muna.
 10349 | D:8      | Killed Prince Ribbit
 10350 | D:8      | Reached XP level 10. HP: 67/74 MP: 10/12
 10651 | D:9      | Reached skill level 5 in Armour
 10694 | D:9      | Reached skill level 1 in Shields
 11692 | D:9      | You fall into a shaft and drop 1 floor!
 11692 | D:10     | Entered Level 10 of the Dungeon
 11848 | D:9      | Found a staircase to the Orcish Mines.
 11907 | D:9      | Noticed Psyche
 11916 | D:9      | Killed Psyche
 11916 | D:9      | Noticed Harold
 11929 | D:9      | Killed Harold
 11929 | D:9      | Reached *** piety under Okawaru
 12092 | D:9      | Noticed Erica
 12120 | D:9      | HP: 1/88 [something (5)]
 12120 | D:9      | Slain by Erica

Illustrated notes

Levels and vault maps discovered:
D:1:      dpeg_arrival_prison, layout_basic
D:2:      layout_basic, dreamdust_ecumenical_altar_drowned_temple
D:3:      layout_basic, serial_shops, nicolae_shop_crystal,
          serial_bayou_crossing, uniq_robin
D:4:      layout_loops_ring, tgw_xom, nicolae_overflow_crystal_walls
D:5:      layout_loops_cross, uniq_edmund
D:6:      layout_rooms, mainiacjoe_overflow_paths,
          beargit_hepliaklqana_dungeon_heroes,
          mainiacjoe_overflow_concentric_impassable, minmay_temple_entry_arrows
D:7:      cheibrodos_helix_gallery, layout_basic,
          nicolae_gozag_zags_fifth_avenue, mainiacjoe_overflow_24_doors
D:8:      layout_loops_ring, lemuel_blue_sif_altar, uniq_prince_ribbit1
D:9:      layout_basic, david_lair_shrubbed, erik_orc_3, serial_shops,
          nicolae_shop_window_shopping, ebering_ghost_reflecting_pool,
          grunt_decor_junction, serial_bayou_lagoon_a, minmay_holes,
          uniq_harold, uniq_psyche, uniq_erica
D:10:     layout_cave_pods, minmay_sticks_and_stones
Temple:   eino_temple_lava

Skill      XL: |  1  2  3  4  5  6  7  8  9 10 |
---------------+-------------------------------+-----
Staves         | 4 5 6 7 8 9 11 12 | 12.1
Maces & Flails | 7 10 | 10.5
Armour         | 4 5 |  5.1
Invocations    | 4 |  4.2
Shields        | 4 |  4.0
Fighting       | 7 |  7.9
Throwing       | |  2.0
Dodging        | |  3.2

Action                   |  1- 3 |  4- 6 |  7- 9 | 10-12 || total
-------------------------+-------+-------+-------+-------++-------
Melee: Quarterstaff      |   105 |   115 |    96 |       ||   316
       Headbutt          |    18 |    13 |    40 |    25 ||    96
       Flail             |       |       |   143 |    87 ||   230
       Punch             |       |       |     2 |     2 ||     4
Throw: Boomerang         |       |     6 |       |       ||     6
       Throwing net      |       |     1 |       |       ||     1
       Dart              |       |       |     5 |    11 ||    16
Invok: Heroism           |       |       |     2 |     8 ||    10
Evoke: Wand              |       |       |     3 |       ||     3
  Use: Scroll            |       |       |     8 |       ||     8
       Potion            |       |       |     6 |     4 ||    10
Armor: Leather armour    |     5 |       |       |       ||     5
       Ring mail         |     9 |       |       |       ||     9
       Plate armour      |    51 |    68 |   132 |    38 ||   289
       Skin              |       |       |    22 |       ||    22
Dodge: Dodged            |    39 |    29 |    80 |    31 ||   179
Block: Kite shield       |       |       |       |    13 ||    13

Table legend: (Time is in decaauts)
 A = Elapsed time spent in this place.
 B = Non-inter-level travel time spent in this place.
 C = Inter-level travel time spent in this place.
 D = Time resting spent in this place.
 E = Time spent auto-exploring this place.
 F = Levels seen in this place.
 G = Mean time per level.
                   A        B        C        D        E       F      G
               +--------+--------+--------+--------+--------+-----+--------+
         Total |  12049 |  11881 |    168 |   5052 |   4928 |  11 | 1095.4 |
       Dungeon |  11583 |  11423 |    160 |   4715 |   4881 |  10 | 1158.3 |
        Temple |    466 |    458 |      8 |    337 |     47 |   1 |  466.0 |
               +--------+--------+--------+--------+--------+-----+--------+

Top non-repeatable levels by time:
     D:8: 2510 daAuts
     D:3: 1799 daAuts
     D:7: 1743 daAuts
     D:6: 1073 daAuts
     D:1: 998 daAuts
     D:9: 978 daAuts
     D:5: 936 daAuts
     D:2: 799 daAuts
     D:4: 714 daAuts
  Temple: 466 daAuts
    D:10: 28 daAuts
